Map: Snowy Mesa

Players

BDK - Winner!

  • Race: Terran Terran

Tenonee - Winner!

  • Race: Zerg Zerg
  • League: Platinum

buggy

  • Race: Terran Terran
  • League: Platinum

jazzzkk

  • Race: Terran Terran

VOD

Have the link to the VOD?

Description

Time

  • Played on: July 24, 2016, 5:26 a.m.
  • Length: 13:11
Show
View Real Time Build Order
Export as new Build Order

BDK Terran - Winner!

Build Orders: Mech 

Get SALT Encoding   

  12  0:02  SCV  
  13  0:14  SCV  
  14  0:21  Supply Depot  
  14  0:26  SCV  
  15  0:28  Refinery  
  15  0:43  SCV  
  15  0:46  Barracks  
  16  0:55  SCV  
  17  1:07  SCV  
  18  1:18  Refinery  
  18  1:19  SCV  
  19  1:31  SCV  
  20  1:40  Factory  
  21  1:47  Reaper  
  21  1:48  Orbital Command  
  21  2:17  Command Center  
  21  2:19  Reaper  
  22  2:45  Supply Depot  
  22  2:54  Marine  
  23  3:07  Hellion  
  25  3:25  SCV  
  25  3:29  Hellion  
  25  3:32  Marine  
  28  3:35  Orbital Command  
  28  3:37  SCV  
  29  3:49  Factory  
  29  3:57  Factory Tech Lab  
  29  3:59  SCV  
  30  4:11  SCV  
  30  4:12  Supply Depot  
  30  4:13  Engineering Bay  
  30  4:15  Supply Depot  
  31  4:21  Siege Tank  
  34  4:28  SCV x2  
  34  4:31  Refinery  
  36  4:32  Infernal Pre-Igniter, Refinery  
  36  4:34  Factory Tech Lab  
  36  4:42  Starport  
  36  4:45  SCV  
  36  4:46  SCV  
  36  4:51  Marine  
  39  4:58  SCV  
  40  5:03  Missile Turret  
  40  5:04  SCV  
  40  5:05  Missile Turret  
  40  5:07  Missile Turret  
  41  5:10  SCV  
  42  5:16  SCV  
  43  5:28  Cloaking Field  
  43  5:30  Banshee  
  43  5:32  SCV x2  
  48  5:43  Siege Tank  
  48  5:44  SCV  
  48  5:45  SCV  
  48  5:46  Factory Reactor  
  48  5:47  Command Center  
  53  6:04  Armory  
  51  6:16  SCV x2  
  47  6:28  SCV x2  
  49  6:40  SCV  
  49  6:42  SCV  
  51  6:52  SCV  
  51  6:53  Terran Vehicle And Ship Armor Level 1  
  52  6:54  SCV  
  52  6:56  Armory  
  52  6:59  Siege Tank  
  58  7:01  Hellion x2  
  58  7:05  SCV  
  58  7:06  SCV  
  62  7:09  Factory  
  62  7:17  SCV  
  63  7:31  Siege Tank  
  66  7:37  SCV  
  66  7:38  SCV  
  66  7:41  Orbital Command, Refinery  
  68  7:49  SCV  
  68  7:50  SCV  
  70  7:54  Hellion  
  70  7:55  Factory Tech Lab  
  70  7:57  Factory Reactor  
  72  7:58  Viking  
  72  7:59  Viking  
  72  8:02  SCV  
  72  8:03  Terran Vehicle Weapons Level 1  
  77  8:09  Supply Depot x2  
  77  8:10  Supply Depot  
  77  8:12  Supply Depot  
  77  8:15  Command Center  
  77  8:26  Refinery  
  77  8:31  Viking x2, Siege Tank x2, SCV x3  
  90  8:43  SCV x2  
  86  9:01  Viking x2  
  88  9:03  Siege Tank x2  
  88  9:04  Hellion x2  
  88  9:07  Terran Vehicle And Ship Armor Level 2  
  98  9:10  SCV x2  
  98  9:11  SCV  
  101  9:28  Starport  
  101  9:30  Viking x2  
  105  9:35  Siege Tank x2  
  111  9:43  Hellion x2  
  115  10:00  Medivac x2  
  119  10:07  Siege Tank  
  122  10:20  Supply Depot  
  122  10:21  Supply Depot  
  122  10:23  Supply Depot  
  122  10:25  Supply Depot  
  122  10:27  Supply Depot  
  122  10:28  Supply Depot, Terran Vehicle Weapons Level 2  
  122  10:30  Medivac  
  122  10:31  Factory Tech Lab  
  124  10:41  Medivac  
  124  10:42  Siege Tank x2  
  132  10:43  Medivac  
  135  10:50  SCV x3  
  135  10:51  Planetary Fortress  
  135  10:52  Missile Turret, Supply Depot  
  135  10:53  Missile Turret  
  135  10:55  Missile Turret  
  137  11:00  Siege Tank  
  140  11:13  Supply Depot  
  140  11:18  Supply Depot  
  140  11:24  Liberator x2  
  135  11:37  Siege Tank x2  
  135  11:38  Marine  
  142  11:41  Refinery  
  142  11:42  Refinery  
Show
View Real Time Build Order
Export as new Build Order

Tenonee Zerg - Winner!

Build Orders: Hatch First 

Get SALT Encoding   

  12  0:01  Drone  
  13  0:08  Drone  
  14  0:36  Hatchery  
  14  0:37  Drone  
  14  0:42  Extractor  
  13  0:55  Spawning Pool  
  12  1:05  Overlord  
  12  1:10  Drone  
  14  1:18  Drone  
  14  1:24  Drone  
  15  1:30  Drone  
  16  1:38  Drone  
  17  1:43  Metabolic Boost  
  17  1:55  Queen  
  19  2:03  Queen  
  21  2:10  Drone  
  21  2:11  Drone  
  23  2:20  Drone x3  
  26  2:29  Zergling x4  
  28  2:35  Overlord  
  28  2:59  Zergling x2  
  28  3:00  Zergling x10  
  34  3:05  Overlord x2  
  34  3:20  Drone x2  
  34  3:26  Drone x4  
  40  3:37  Drone x2  
  41  3:52  Drone x5  
  41  3:53  Drone x2  
  48  3:58  Extractor  
  47  4:04  Overlord x2  
  45  4:20  Baneling Nest  
  44  4:32  Extractor  
  44  4:33  Overlord  
  44  4:34  Extractor  
  44  4:35  Drone x6  
  48  4:46  Hatchery  
  47  4:56  Lair  
  47  5:08  Drone x4  
  51  5:24  Evolution Chamber, Drone x2  
  51  5:25  Evolution Chamber  
  51  5:32  Overlord x2  
  51  5:55  Zergling x8  
  51  5:56  Zergling x20  
  65  5:58  Hatchery  
  65  5:59  Zerg Ground Armor Level 1, Zerg Melee Weapons Level 1  
  65  6:00  Centrifical Hooks  
  65  6:03  Queen x2  
  67  6:20  Queen  
  69  6:27  Drone x2  
  69  6:28  Drone x8  
  79  6:43  Burrow  
  79  6:49  Extractor  
  79  6:50  Drone x5  
  79  6:52  Extractor  
  82  6:55  Baneling x5  
  82  6:56  Baneling x4  
  82  6:57  Overlord x3  
  82  7:06  Infestation Pit  
  81  7:16  Drone x2  
  81  7:17  Drone x2  
  85  7:26  Spire  
  84  7:34  Drone  
  84  7:35  Drone x16  
  101  7:41  Overlord  
  101  7:42  Overlord x2  
  101  7:55  Hive  
  100  8:17  Zerg Ground Armor Level 2, Zerg Melee Weapons Level 2  
  100  8:24  Extractor  
  100  8:25  Extractor  
  100  8:27  Drone x3  
  100  8:28  Drone x3  
  100  8:29  Overlord x4  
  104  8:37  Overlord  
  104  8:38  Overlord x3  
  104  8:40  Infestor x3  
  110  8:44  Corruptor x2  
  110  8:45  Corruptor x4  
  122  9:02  Zergling x6  
  125  9:03  Zergling x8  
  125  9:04  Zergling x16  
  125  9:07  Baneling  
  125  9:08  Baneling x5  
  137  9:11  Ultralisk Cavern  
  137  9:15  Pathogen Glands  
  136  10:01  Chitinous Plating  
  136  10:03  Ultralisk  
  136  10:04  Ultralisk x6  
  178  10:11  Hatchery  
  177  10:25  Zergling x16  
  177  10:26  Zergling x30  
  200  10:34  Extractor  
  198  10:35  Extractor  
  184  10:52  Ultralisk x2  
  145  12:01  Corruptor  
  145  12:02  Corruptor x10  
  164  12:31  Queen x4  
  172  12:52  Zergling x12  
  172  12:53  Zergling x24  
Show
View Real Time Build Order
Export as new Build Order

buggy Terran 

Build Orders: Reaper Expand 

Get SALT Encoding   

  12  0:04  SCV  
  13  0:16  SCV  
  13  0:20  Supply Depot  
  14  0:24  Refinery  
  14  0:28  SCV  
  15  0:42  SCV  
  16  0:46  Barracks  
  16  0:54  SCV  
  17  1:06  SCV  
  18  1:18  SCV  
  19  1:34  Reaper  
  19  1:35  Orbital Command  
  20  1:46  Command Center  
  20  2:00  Factory  
  20  2:04  SCV  
  21  2:09  Supply Depot  
  21  2:17  SCV  
  21  2:20  Refinery  
  22  2:33  SCV  
  22  2:41  Barracks Reactor  
  22  2:45  Factory Tech Lab  
  22  2:47  SCV  
  23  2:55  Supply Depot  
  23  2:59  Orbital Command  
  23  3:02  Engineering Bay  
  23  3:04  SCV  
  24  3:07  Cyclone  
  28  3:23  Marine x2, Orbital Command  
  30  3:32  Missile Turret  
  30  3:43  Bunker  
  30  3:44  SCV  
  30  3:48  Marine x2  
  31  3:51  SCV  
  34  3:56  Supply Depot, SCV  
  34  4:02  Starport  
  35  4:03  SCV  
  36  4:13  SCV  
  36  4:14  Refinery  
  36  4:15  SCV  
  38  4:23  Cyclone  
  42  4:25  Barracks, SCV  
  42  4:27  SCV  
  42  4:28  Marine  
  45  4:32  Terran Infantry Weapons Level 1  
  45  4:37  SCV  
  46  4:39  SCV  
  46  4:43  Starport Reactor  
  46  4:45  Supply Depot, Marine  
  48  4:46  Marine  
  48  4:52  Factory  
  49  4:54  SCV x2  
  49  4:55  Refinery  
  51  5:05  Siege Tank  
  51  5:06  Marine  
  51  5:07  Marine  
  55  5:10  Supply Depot, SCV  
  57  5:18  Barracks Tech Lab  
  57  5:20  Supply Depot  
  57  5:30  Marine  
  57  5:31  Marine  
  57  5:32  Missile Turret  
  57  5:33  Medivac  
  57  5:34  Medivac  
  64  5:35  SCV x2  
  65  5:52  SCV x2  
  67  5:57  Command Center  
  67  6:07  Marine x2  
  67  6:08  Factory Tech Lab  
  69  6:12  Missile Turret  
  69  6:25  Marine x2  
  71  6:26  SCV x2  
  71  6:30  Medivac  
  75  6:52  Missile Turret  
  75  6:58  SCV x2  
  77  7:02  Marine  
  77  7:03  Marine  
  77  7:04  Siege Tank x2  
  77  7:06  Hi-Sec Auto Tracking  
  77  7:07  Supply Depot  
  85  7:10  Supply Depot  
  85  7:12  Starport  
  85  7:21  SCV x2  
  85  7:22  Orbital Command  
  86  7:24  Refinery x2  
  86  7:33  SCV  
  87  7:37  Siege Tank  
  87  7:38  Siege Tank  
  87  7:39  Armory  
  93  7:51  Viking  
  93  7:52  Viking  
  93  7:55  Starport Tech Lab  
  97  8:02  SCV x2  
  97  8:03  Fusion Core  
  99  8:08  Supply Depot  
  99  8:10  Supply Depot  
  99  8:25  Supply Depot  
  99  8:35  Supply Depot  
  99  8:38  Thor  
  99  8:40  Terran Vehicle Weapons Level 1  
  99  8:41  Armory  
  105  8:45  SCV x3  
  105  8:47  Liberator x3  
  108  8:55  Command Center  
  108  9:01  Siege Tank  
  120  9:13  Factory  
  120  9:21  Advanced Ballistics  
  121  9:24  SCV x2  
  121  9:25  SCV  
  123  9:35  Terran Vehicle And Ship Armor Level 1  
  123  9:36  SCV x2  
  123  9:38  Supply Depot  
  125  9:39  SCV  
  125  9:40  Starport  
  125  9:44  Liberator  
  125  9:45  Liberator  
  126  9:48  SCV  
  127  9:56  Ghost Academy  
  127  10:06  Siege Tank  
  136  10:15  Supply Depot  
  136  10:16  Refinery, SCV  
  136  10:17  SCV  
  136  10:18  SCV  
  139  10:23  Liberator x2  
  139  10:27  Liberator  
  139  10:30  Refinery  
  139  10:34  Terran Ship Weapons Level 1  
  148  10:51  Liberator  
  148  10:52  Liberator  
  148  11:02  Planetary Fortress  
  148  11:04  SCV  
  148  11:05  SCV  
  156  11:13  Supply Depot  
  148  11:30  Viking x3  
  147  12:02  Hellion x2  
  147  12:04  Liberator  
  140  12:20  Viking x3  
  140  12:21  Viking  
  143  12:23  Siege Tank x3  
Show
View Real Time Build Order
Export as new Build Order

jazzzkk Terran 

Build Orders: MMM Bio 

Get SALT Encoding   

  12  0:02  SCV  
  14  0:14  SCV  
  14  0:22  Supply Depot  
  14  0:26  SCV  
  15  0:32  Refinery  
  15  0:43  SCV  
  16  0:51  Barracks  
  16  0:55  SCV  
  17  1:08  SCV  
  18  1:20  SCV  
  19  1:32  SCV  
  20  1:38  Factory  
  20  1:45  Orbital Command  
  20  1:52  Reaper  
  21  2:02  Supply Depot  
  21  2:09  Refinery  
  21  2:11  SCV  
  22  2:25  Barracks Reactor, SCV  
  22  2:27  Hellion  
  25  2:31  Supply Depot  
  25  2:59  SCV  
  25  3:01  Starport  
  25  3:03  Barracks  
  26  3:11  SCV  
  29  3:13  Hellion  
  29  3:17  Marine  
  29  3:25  SCV  
  30  3:28  Hellion  
  34  3:34  Hellion  
  34  3:40  Supply Depot, Medivac  
  36  3:43  Barracks Tech Lab  
  36  3:50  Hellion  
  36  3:52  SCV  
  39  4:01  Barracks Tech Lab  
  39  4:03  Hellion  
  41  4:11  Hellion  
  41  4:13  Marine  
  41  4:16  Starport Reactor  
  44  4:22  Marine  
  44  4:24  Command Center, SCV  
  46  4:30  Supply Depot x2  
  46  4:31  Marine  
  47  4:43  Factory Tech Lab  
  47  4:48  Engineering Bay  
  47  4:50  Engineering Bay  
  47  4:51  Marine x2  
  47  4:52  SCV  
  50  4:53  Stimpack  
  50  4:59  Medivac  
  52  5:08  Barracks  
  52  5:09  Marine x2  
  54  5:22  Terran Infantry Weapons Level 1  
  54  5:27  Marine x2  
  56  5:30  SCV  
  57  5:42  SCV  
  58  5:45  Marine x2  
  60  5:50  Orbital Command  
  60  5:54  SCV  
  60  5:55  Marine x2  
  63  6:02  Marine x2  
  65  6:06  SCV  
  64  6:14  Marine  
  64  6:15  Marine  
  57  6:18  SCV  
  57  6:21  Marine  
  57  6:23  Missile Turret  
  57  6:24  Marine  
  57  6:25  SCV  
  57  6:27  Missile Turret  
  57  6:30  SCV  
  57  6:32  Marine  
  60  6:37  Marine  
  60  6:39  Marine  
  62  6:40  SCV  
  62  6:42  Missile Turret, Marine  
  62  6:43  SCV  
  62  6:45  Viking  
  67  6:47  Terran Infantry Armor Level 1, Barracks  
  67  6:52  SCV  
  67  6:53  Marine  
  69  6:55  SCV  
  69  6:58  Marine  
  69  6:59  Marine  
  69  7:00  Marine  
  73  7:05  SCV  
  73  7:07  SCV  
  75  7:10  Refinery  
  75  7:11  Marine  
  76  7:16  Marine  
  76  7:17  Supply Depot, Marine  
  78  7:23  Supply Depot  
  78  7:25  Missile Turret  
  78  7:28  Marine  
  79  7:30  SCV  
  79  7:31  Missile Turret, Marine  
  79  7:33  Siege Tank  
  79  7:36  Barracks Reactor  
  84  7:38  Combat Shields  
  84  7:48  Liberator  
  84  7:52  Marine x2  
  84  7:53  Marine  
  84  7:54  Missile Turret, Marine  
  84  7:55  SCV  
  89  8:03  Command Center  
  89  8:05  Siege Tank  
  95  8:06  SCV  
  95  8:07  SCV  
  97  8:16  Marine  
  97  8:17  Marine x2  
  97  8:19  SCV  
  101  8:20  Marine  
  101  8:25  Marine  
  103  8:30  Marine, Sensor Tower  
  103  8:34  Marine  
  105  8:35  Marine  
  105  8:37  Siege Tank  
  109  8:42  Refinery  
  109  8:47  Supply Depot  
  109  8:48  Supply Depot  
  109  8:51  Liberator x2, Marine  
  110  9:08  Supply Depot, Marine, SCV  
  118  9:11  Siege Tank  
  121  9:18  Orbital Command  
  121  9:30  Command Center, SCV  
  122  9:32  Marauder  
  124  9:41  Missile Turret  
  124  9:42  Missile Turret  
  124  9:44  Liberator x2, Supply Depot  
  124  9:47  SCV  
  124  9:48  Armory, SCV  
  132  10:18  Marauder x2  
  136  10:25  SCV  
  136  10:26  SCV  
  136  10:27  Marine  
  139  10:33  Command Center  
  139  10:40  Starport  
  139  10:42  Marauder  
  141  10:44  Liberator, Medivac, Siege Tank  
  140  11:03  Command Center  
  143  11:05  Missile Turret  
  143  11:10  SCV, Refinery  
  143  11:11  Refinery, SCV  
  145  11:13  SCV  
  145  11:17  Marine  
  147  11:22  Command Center, Marine  
  147  11:23  Supply Depot, Marine  
  147  11:24  Marine  
  150  11:27  Marine x2  
  152  11:35  Marine  
  124  11:40  Marine x2  
  124  11:41  Supply Depot, Marine  
  124  11:44  Marine x2  
  82  11:52  Marine  
  75  11:57  Liberator x2  
  75  11:58  Marine x2  
  74  12:02  Marine  
  74  12:07  Planetary Fortress  
  72  12:12  Starport Reactor  
  72  12:14  Marine  
  77  12:20  Marine  
  69  12:38  Barracks x2, Marine  
  69  12:42  Barracks  
Tags
 
Add a new tag
Caveats
  • Supply blocks, unpowered buildings, or Contaminate may cause inaccurate times.
  • Supply counts are checked every 10 seconds.